 Dungeon Crawl Stone Soup version 0.32-a0-664-gf59354a (webtiles) character file.

Game seed: 8468291009082953943

16 Meow the Conjurer (level 2, 22/22 HPs)
             Began as a Naga Conjurer on Mar 9, 2024.
             Quit the game on level 1 of the Dungeon.
             The game lasted 00:02:01 (1108 turns).

Meow the Conjurer (Naga Conjurer)                   Turns: 1108, Time: 00:02:02

Health: 22/22      AC:  1    Str:  9    XL:     2   Next: 54%
Magic:  5/5        EV:  9    Int: 18    God:
Gold:   28         SH:  0    Dex:  9    Spells: 3/6 levels left

rFire   . . .        a - +0 whip
rCold   . . .        (no shield)
rNeg    . . .        c - +0 robe
rPois   +            (no helmet)
rElec   .            (no cloak)
rCorr   .            (no gloves)
SInv    +            (no barding)
Will    .....        (no amulet)
Stlth   ++           (no ring)
HPRegen 0.23/turn    (no ring)
MPRegen 0.09/turn

%: no passive effects
@: very slow
A: AC +0, large, see invisible, deformed body, poison resistance, slowness 2,
spit poison 1, naga tail 1
a: Spit Poison


You were on level 1 of the Dungeon.
You visited 1 branch of the dungeon, and saw 1 of its levels.

You collected 28 gold pieces.

Inventory:

Hand Weapons
 a - a +0 whip (weapon)
Missiles
 d - 3 stones
Armour
 c - a +0 robe (worn)
Scrolls
 g - 2 scrolls of identify {unknown}
 h - a scroll of immolation {unknown}
 i - a scroll of teleportation {unknown}
 j - a scroll of summoning {unknown}
Potions
 b - a potion of magic
 e - a potion of might {unknown}
 f - 3 potions of heal wounds {unknown}


   Skills:
 - Level 1.5 Dodging
 - Level 3.0 Stealth
 + Level 2.5 Spellcasting
 + Level 4.3 Conjurations


You had 3 spell levels left.
You knew the following spells:

 Your Spells              Type           Power      Damage    Failure   Level
a - Magic Dart            Conj           68%        1d6       3%          1
b - Searing Ray           Conj           34%        2d5       4%          2

Your spell library contained the following spells:

 Spells                   Type           Power      Damage    Failure   Level
 Fulminant Prism          Conj/Alch      5%         3d7       56%         4
 Iskenderun's Mystic Bla  Conj/Tloc      10%        2d4       56%         4


Dungeon Overview and Level Annotations

Branches:
Dungeon (1/15)

Altars:


Innate Abilities, Weirdness & Mutations

Your serpentine skin is tough. (AC +0)
You have supernaturally acute eyesight. (SInv)
Armour fits poorly on your strangely shaped body.
Your system is resistant to poisons. (rPois)
You cover ground very slowly.
You can spit poison.
You have a snake-like lower body.


Message History

Casting: Magic Dart (safe; 3% risk of failure)
Confirm with . or Enter, or press ? or * to list all spells.
Aiming: Magic Dart (safe; 3% risk of failure)
Press: ? - help, Shift-Dir - straight line, f/p - goblin
Aim: a goblin, wielding a +0 club (severely wounded, 100% to hit)
The magic dart hits the goblin.
You kill the goblin!
Unknown command.
You start resting.
You have got your breath back.
You start resting.
Magic restored.
Found a stone staircase leading down.
You see here a +0 club.
A bat comes into view.
Aiming: Spit Poison (2% risk of failure)
Press: ? - help, Shift-Dir - straight line, f - bat
Aim: a bat (asleep, 100% to hit)
The splash of poison hits the bat.
You kill the bat!
Unknown command.
You have got your breath back.
There is a stone staircase leading down here.
A bat comes into view.
A bat is nearby!
A bat is nearby!
Okay, then.
Casting: Magic Dart (safe; 3% risk of failure)
Confirm with . or Enter, or press ? or * to list all spells.
Aiming: Magic Dart (safe; 3% risk of failure)
Press: ? - help, Shift-Dir - straight line, f - bat
Aim: a bat (wandering, hasn't noticed you, 100% to hit)
The magic dart hits the bat.
You kill the bat!
Unknown command.
There is a stone staircase leading down here.
Key pressed, stopping explore.
Are you sure you want to abandon this character and quit the game? (Confirm with "yes".)
Okay, then.
Are you sure you want to abandon this character and quit the game? (Confirm with "yes".)

...# #####..# #.# ###### #..# #.#
.....# #..#### #.# ####.# #.....#
#.. #.# #.....####### ### #.#
#..##.#...#.###.# #.#
#..##...#.#...#..
####.############..######.###.##.
.....#.)......>.@..###....#....#.
.....#.#........##.##..##.#..#...
..........รท.....##..####..#..####
.....#.#........#...##...###.#...
.....#.####.#######.##.#....<....
.....#......# #.#.#..#...#.###.
####.######## #.#.########..#..
#.# #.#.#......#..#.# #.#
#.#.#.##.#....#..


There were no monsters in sight!

Vanquished Creatures
  An endoplasm (D:1)
  3 goblins (D:1)
  3 kobolds (D:1)
  3 ball pythons (D:1)
  4 bats (D:1)
  2 frilled lizards (D:1)
  A rat (D:1)
17 creatures vanquished.

Notes
Turn   | Place    | Note
-------+----------+-------------------------------------------
     0 | D:1      | Meow the Naga Conjurer began the quest for the Orb.
     0 | D:1      | Reached XP level 1. HP: 15/15 MP: 3/3
   430 | D:1      | Reached XP level 2. HP: 22/22 MP: 3/5
   534 | D:1      | Learned a level 2 spell: Searing Ray
  1108 | D:1      | Quit the game

Illustrated notes

Levels and vault maps discovered:
D:1:      psy_arrival_radial01, layout_basic

Action                     || total
---------------------------++-------
   Cast: Magic Dart        ||    18
Ability: Spit Poison       ||    12
 Armour: Robe              ||     1
  Dodge: Dodged            ||     5

Table legend: (Time is in decaauts)
 A = Elapsed time spent in this place.
 B = Non-inter-level travel time spent in this place.
 C = Inter-level travel time spent in this place.
 D = Time resting spent in this place.
 E = Time spent auto-exploring this place.
 F = Levels seen in this place.
 G = Mean time per level.
                   A        B        C        D        E       F      G
               +--------+--------+--------+--------+--------+-----+--------+
         Total |   1457 |   1457 |      0 |    187 |   1194 |   1 | 1457.0 |
       Dungeon |   1457 |   1457 |      0 |    187 |   1194 |   1 | 1457.0 |
               +--------+--------+--------+--------+--------+-----+--------+

Top non-repeatable levels by time:
     D:1: 1457 daAuts
